 Dungeon Crawl Stone Soup version 0.26.1-2-gb8aa6d0cf2 (webtiles) character file.

Game seed: 1609257576821905677

21407 jlumianski the Cleaver (level 12, -17/109 HPs)
             Began as a Palentonga Fighter on Feb 17, 2021.
             Was a High Priest of Okawaru.
             Demolished by an ice devil (23 damage)
             ... in an ice cave.
             The game lasted 01:03:54 (13196 turns).

jlumianski the Cleaver (Palentonga Fighter)        Turns: 13196, Time: 01:03:54

Health: -17/109    AC: 28    Str: 30    XL:     12   Next: 53%
Magic:  11/13      EV: 12    Int:  8    God:    Okawaru [*****.]
Gold:   620        SH: 16    Dex: 17    Spells: 11/11 levels left

rFire    + . .     SeeInvis +   m - +1 war axe (flame)
rCold    . . .     Faith    .   c - +1 kite shield
rNeg     . . .     Spirit   .   k - +0 chain mail
rPois    .         Reflect  .   l - +2 helmet
rElec    .         Harm     .   M - +1 cloak
rCorr    .         Rampage  .   p - +2 pair of gloves
Will     .....                  (no barding)
Stlth    ..........             O - amulet of regeneration
HPRegen  0.68/turn              G - +6 ring of dexterity
MPRegen  0.13/turn              b - +6 ring of strength

@: heroism, curled up
A: large, rugged brown scales 3, see invisible, deformed body, fire resistance
1, low mp 1, roll 1, armoured tail, reflexive curl
a: Rolling Charge, Renounce Religion, Heroism, Finesse


You were in an ice cave.
You worshipped Okawaru.
Okawaru was extremely pleased with you.
You visited 2 branches of the dungeon, and saw 14 of its levels.
You also visited: Bailey and Ice Cave.

You collected 763 gold pieces.
You spent 143 gold pieces at shops.

Inventory:

Hand Weapons
 m - a +1 war axe of flaming (weapon)
Missiles
 x - 8 javelins (quivered)
 A - 11 atropa-tipped darts
 J - 52 poisoned darts
 Q - 19 boomerangs
 Y - 9 throwing nets
Armour
 c - a +1 kite shield (worn)
 k - a +0 chain mail (worn)
 l - a +2 helmet (worn)
 p - a +2 pair of gloves (worn)
 M - a +1 cloak (worn)
Jewellery
 b - a +6 ring of strength (right hand)
 n - an uncursed ring of resist corrosion
 F - an uncursed ring of ice
 G - a +6 ring of dexterity (left hand)
 N - an uncursed ring of protection from fire
 O - an amulet of regeneration (around neck)
Wands
 q - a wand of acid (8)
 s - a wand of disintegration (30)
 u - a wand of iceblast (9)
 y - a wand of paralysis (25)
 I - a wand of enslavement (6)
 W - a wand of digging (3)
Scrolls
 i - 8 scrolls of remove curse
 o - 2 scrolls of identify
 r - 3 scrolls of amnesia
 w - 2 scrolls of fear
 B - 7 scrolls of teleportation
 C - 2 scrolls of magic mapping
 P - a scroll of brand weapon {unknown}
 S - a scroll of fog
Potions
 d - 3 potions of might
 e - 3 potions of flight
 g - 2 potions of ambrosia
 h - 6 potions of curing
 z - 5 potions of heal wounds
 E - a potion of invisibility
 H - a potion of haste
 L - a potion of lignification
Miscellaneous
 f - a phial of floods
 U - a box of beasts
 V - a condenser vane


   Skills:
 + Level 8.2(13.2) Fighting
 + Level 12.5(17.5) Axes
 + Level 2.0(7.0) Throwing
 + Level 7.7(12.7) Armour
 + Level 3.9(8.9) Dodging
 + Level 1.0(6.0) Stealth
 + Level 9.0(14.0) Shields
 * Level 3.4 Invocations
 * Level 2.4 Evocations


You had 11 spell levels left.
You didn't know any spells.
Your spell library contained the following spells:

 Spells                   Type           Power        Failure   Level
 Magic Dart               Conj           0%           83%         1
 Poisonous Vapours        Pois/Air       0%           93%         2
 Searing Ray              Conj           0%           93%         2
 Conjure Flame            Conj/Fire      0%           99%         3
 Dazzling Flash           Conj/Hex       0%           99%         3
 Mephitic Cloud           Conj/Pois/Air  0%           99%         3
 Fulminant Prism          Conj/Hex       0%           100%        4
 Iskenderun's Mystic Bla  Conj/Tloc      0%           100%        4
 Freezing Cloud           Conj/Ice/Air   0%           100%        6


Dungeon Overview and Level Annotations

Branches:
Dungeon (13/15)            Temple (1/1) D:6            Lair (0/6) D:10
    Orc (0/2) D:10         Bailey (visited)           IceCv (1/1)
 Vaults: D:13-14

Altars:
Nemelex Xobeh
Okawaru
Qazlal
Trog
Wu Jian
Xom
Yredelemnul
Zin
The Shining One

Shops:
D:11 }   D:12 [


Innate Abilities, Weirdness & Mutations

You are completely covered in rugged brown scales. (AC +3, +7% HP)
You have supernaturally acute eyesight. (SInv)
Armour fits poorly on your strangely shaped body.
You can roll at nearby foes to attack.
You have a long armoured tail.
You curl defensively after being hit.
Your flesh is heat resistant. (rF+)
Your magical capacity is low. (-10% MP)


Message History

You hit the white imp. You burn the white imp.
You block the ice devil's attack.
You hit the ice devil but do no damage.
The ice devil is almost dead.
You hit the white imp. You burn the white imp.
You kill the white imp!
Okawaru accepts your kill. The ice devil hits you. The ice devil freezes you!
You barely miss the ice devil.
You tail-slap the ice devil, but do no damage.
The ice devil is almost dead.
The ice devil hits you.
* * * LOW HITPOINT WARNING * * *
The ice devil freezes you!
* * * LOW HITPOINT WARNING * * *
You gain the combat prowess of a mighty hero.
The ice devil hits you!
* * * LOW HITPOINT WARNING * * *
The ice devil freezes you!!
You die...

☼☼ ○§○ ○§.. ####
....# ######..##
.....## ##..##....##
.......###..........#
........#.......∩.∩.#
#.4@.##.......#
##..#####....## ####
##..## ####


You could see an ice devil.

Vanquished Creatures
  Harold (D:8)
  4 two-headed ogres
  A centaur warrior (D:13)
  A death yak (D:9)
  2 unseen horrors
  Pikel (D:8)
  2 manticores
  A cyclops (D:12)
  2 ugly things
  Maurice (D:10)
  An elephant (D:10)
  A gargoyle (D:10)
  2 centaur zombies (D:12)
  A rime drake (D:13)
  2 polar bears (D:13)
  3 trolls
  A hornet (D:11)
  A steam dragon (D:11)
  18 yaks
  A basilisk (D:10)
  Grum (D:8)
  A wyvern (D:11)
  2 water moccasins
  Edmund (D:6)
  Duvessa (D:4)
  An ice beast (D:9)
  2 black bears
  3 orc warriors
  An eye of draining (D:12)
  2 sky beasts
  4 ogres
  2 necrophages
  2 phantoms (D:4)
  4 wolves (D:8)
  5 centaurs
  2 big kobolds
  6 bullfrogs
  Dowan (D:4)
  8 gnoll sergeants (Bailey)
  4 scorpions
  A water moccasin skeleton (D:7)
  16 killer bees
  13 wights
  4 howler monkeys
  A quasit (D:7)
  9 hounds
  3 bullfrog skeletons
  5 orc priests
  Crazy Yiuf (D:5)
  3 jellies
  11 orc wizards
  6 gnoll shamans (Bailey)
  2 centaur skeletons
  3 iguanas
  9 worker ants
  A howler monkey zombie (D:8)
  4 worker ant zombies
  Robin (D:3)
  18 gnolls
  15 adders
  2 river rats (D:3)
  3 shadow imps
  6 white imps
  4 ufetubi
  2 oozes
  An adder zombie (D:6)
  An adder skeleton (D:4)
  7 worms
  3 dart slugs
  7 leopard geckos
  33 orcs
  8 giant cockroaches
  18 goblins
  4 hobgoblins
  13 jackals
  7 quokkas
  A ball python (D:5)
  9 bats
  4 frilled lizards
  19 kobolds
  A quokka skeleton (D:8)
  5 rats
384 creatures vanquished.

Vanquished Creatures (others)
  A white imp (IceCv)
  3 ufetubi (IceCv)
  2 fungi (D:10)
  2 plants (D:10)
8 creatures vanquished.

Grand Total: 392 creatures vanquished

Notes
Turn   | Place    | Note
-------+----------+-------------------------------------------
     0 | D:1      | jlumianski the Palentonga Fighter began the quest for the
                  | Orb.
     0 | D:1      | Reached XP level 1. HP: 20/20 MP: 1/1
   396 | D:1      | Reached XP level 2. HP: 17/27 MP: 2/2
   818 | D:2      | Found an ornate altar of the Wu Jian Council.
   821 | D:2      | Found a stormy altar of Qazlal.
   827 | D:2      | Found a shimmering altar of Xom.
   855 | D:2      | Reached XP level 3. HP: 33/33 MP: 3/3
  1086 | D:3      | Found a faded altar of an unknown god.
  1098 | D:3      | Reached XP level 4. HP: 40/40 MP: 4/4
  1448 | D:3      | Noticed Robin
  1474 | D:3      | Killed Robin
  1479 | D:3      | Reached skill level 3 in Axes
  1684 | D:3      | Reached XP level 5. HP: 46/49 MP: 5/5
  2628 | D:2      | Reached skill level 4 in Axes
  3142 | D:5      | Entered Level 5 of the Dungeon
  3266 | D:4      | Noticed a phantom
  3283 | D:4      | Killed a phantom
  3284 | D:4      | Reached XP level 6. HP: 26/55 MP: 6/6
  3574 | D:4      | Reached skill level 5 in Axes
  3651 | D:4      | Found a basalt altar of Yredelemnul.
  3705 | D:4      | Gained mutation: You curl defensively after being hit.
                  | [Palentonga growth]
  3705 | D:4      | Reached XP level 7. HP: 36/63 MP: 7/7
  3929 | D:4      | Noticed Dowan
  3929 | D:4      | Noticed Duvessa
  3974 | D:4      | Killed Duvessa
  3975 | D:4      | Reached skill level 1 in Dodging
  3986 | D:4      | Killed Dowan
  4448 | D:5      | Reached skill level 6 in Axes
  4703 | D:5      | Reached XP level 8. HP: 70/70 MP: 8/8
  5042 | D:5      | Found a runed translucent door.
  5043 | D:5      | Noticed Crazy Yiuf
  5049 | D:5      | Killed Crazy Yiuf
  5559 | D:6      | Noticed Edmund
  5572 | D:6      | Killed Edmund
  5573 | D:6      | Reached skill level 7 in Axes
  5638 | D:6      | Found a staircase to the Ecumenical Temple.
  5664 | Temple   | Entered the Ecumenical Temple
  5691 | Temple   | Became a worshipper of Warmaster Okawaru
  6479 | D:8      | Noticed Grum
  6491 | D:8      | Killed Grum
  6492 | D:8      | Reached skill level 5 in Shields
  6507 | D:8      | Reached * piety under Okawaru
  6508 | D:8      | Reached skill level 8 in Axes
  6695 | D:7      | Reached XP level 9. HP: 67/78 MP: 7/9
  6699 | D:7      | Reached skill level 5 in Fighting
  6708 | D:7      | Gained mutation: Your magical capacity is low. (-10% MP)
                  | [potion of mutation]
  6708 | D:7      | Gained mutation: Your flesh is heat resistant. (rF+)
                  | [potion of mutation]
  7358 | D:8      | Noticed Pikel
  7370 | D:8      | Killed Pikel
  7370 | D:8      | Reached ** piety under Okawaru
  7809 | D:8      | Noticed a two-headed ogre
  7821 | D:8      | Killed a two-headed ogre
  7822 | D:8      | Reached skill level 9 in Axes
  7822 | D:8      | Reached skill level 1 in Throwing
  7822 | D:8      | Reached skill level 5 in Armour
  8142 | D:8      | Reached XP level 10. HP: 83/88 MP: 9/9
  8338 | D:8      | Noticed Harold
  8344 | D:8      | Identified the +6 falchion "Ijysch" {elec, Stlth+}
  8360 | D:8      | Killed Harold
  8360 | D:8      | Reached *** piety under Okawaru
  8694 | D:8      | Noticed a two-headed ogre
  8706 | D:8      | Killed a two-headed ogre
  8707 | D:8      | Reached skill level 10 in Axes
  9241 | D:9      | Found a sparkling altar of Nemelex Xobeh.
  9301 | D:10     | Entered Level 10 of the Dungeon
  9302 | D:10     | Noticed a gargoyle
  9314 | D:9      | Reached **** piety under Okawaru
  9353 | D:10     | Killed a gargoyle
  9587 | D:10     | Found a sparkling altar of Nemelex Xobeh.
  9642 | D:10     | Noticed Maurice
  9655 | D:10     | Noticed a death yak
  9705 | D:9      | Killed a death yak
  9706 | D:9      | Reached XP level 11. HP: 47/98 MP: 8/10
  9817 | D:9      | Reached skill level 11 in Axes
  9830 | D:10     | Reached skill level 1 in Invocations
 10061 | D:10     | Reached ***** piety under Okawaru
 10142 | D:10     | Killed Maurice
 10232 | D:10     | Found a staircase to the Lair.
 10425 | D:10     | Found a staircase to the Orcish Mines.
 10924 | D:11     | Noticed a two-headed ogre
 10942 | D:11     | Killed a two-headed ogre
 11016 | D:11     | Reached skill level 1 in Stealth
 11257 | D:12     | Noticed a two-headed ogre
 11282 | D:11     | Killed a two-headed ogre
 11282 | D:11     | Received a gift from Okawaru
 11286 | D:11     | Got a polished short sword {god gift}
 11287 | D:11     | Identified the +1 short sword of Yfaaru {drain, Dex+3}
                  | (Okawaru gifted it to you on level 11 of the Dungeon)
 11524 | D:12     | Found Katwiymm's Antique Armour Boutique.
 11524 | D:12     | Noticed an unseen horror
 11773 | D:11     | Found Val Fochoa's Gadget Boutique.
 11813 | D:11     | Bought a wand of iceblast (9) for 143 gold pieces
 11815 | D:11     | Noticed a brown ugly thing
 11834 | D:10     | Killed a brown ugly thing
 12174 | D:11     | Reached XP level 12. HP: 70/108 MP: 11/11
 12178 | D:11     | Reached skill level 12 in Axes
 12337 | D:11     | Received a gift from Okawaru
 12606 | D:13     | Found a flagged portal.
 12624 | Bailey   | Entered a bailey
 13023 | D:13     | Noticed a centaur warrior
 13033 | D:13     | Killed a centaur warrior
 13046 | D:13     | Reached skill level 1 in Evocations
 13106 | D:13     | Found a frozen archway.
 13165 | IceCv    | Entered an ice cave
 13196 | IceCv    | Demolished by an ice devil

Illustrated notes

Levels and vault maps discovered:
D:1:      dpeg_arrival_tiny_a, layout_basic, minmay_pentomino_u4
D:2:      layout_loops_corners, grunt_temple_overflow_open, item_on_display_a
D:3:      minmay_razor_zed, layout_loops_ring, chequers_ecumenical_altar_twisty,
          gup_sewer_entry_bubbles, uniq_robin
D:4:      layout_layer_cave, nicolae_overflow_hidden_temple,
          yredelemnul_altar_generic, uniq_duvessa
D:5:      cheibrodos_helix_gallery, layout_basic, minivault_11,
          uniq_crazy_yiuf_cottage
D:6:      layout_loops_ring, minmay_temple_entry_offerings,
          kennysheep_generic_room_6, uniq_edmund
D:7:      layout_basic
D:8:      nicolae_whirlpool, layout_basic, uniq_pikel, uniq_harold, uniq_grum
D:9:      layout_rooms, kennysheep_little_box
D:10:     layout_cave_pods, david_lair_generic, orc_0_dummy, basic_altar,
          serial_column_ruins, column_ruins_open_small,
          column_ruins_open_small_water, column_ruins_open_small,
          column_ruins_open_tiny, uniq_maurice
D:11:     layout_basic, serial_shops, shop_statue
D:12:     layout_rooms, serial_shops, shop
D:13:     layout_layer_cave, portal_ice_cave_entry_animals_and_master,
          enter_bailey_1, st_stairs_8
Temple:   eino_temple_scatter_basement
IceCv:    ice_cave_small_demon

Skill      XL: |  1  2  3  4  5  6  7  8  9 10 11 12 |
---------------+-------------------------------------+-----
Shields        | 3 4 5 6 7 8 9 |  9.0
Axes           | 3 4 5 6 8 9 10 11 12 | 12.5
Armour         | 3 4 5 6 7 |  7.7
Fighting       | 4 5 7 8 |  8.2
Dodging        | 1 2 3 |  3.9
Throwing       | 1 2 |  2.0
Invocations    | 1 3 |  3.4
Stealth        | 1 |  1.0
Evocations     | 2 |  2.4

Action                   |  1- 3 |  4- 6 |  7- 9 | 10-12 || total
-------------------------+-------+-------+-------+-------++-------
Melee: War axe           |    64 |   239 |   275 |   245 ||   823
       Tailslap          |     7 |    19 |    41 |   153 ||   220
       Hand axe          |       |       |    50 |   410 ||   460
Throw: Stone             |       |     3 |       |       ||     3
       Javelin           |       |       |     6 |     5 ||    11
       Dart              |       |       |     9 |    12 ||    21
       Boomerang         |       |       |       |    10 ||    10
Invok: Heroism           |       |       |     2 |     7 ||     9
 Abil: Rolling Charge    |     8 |    37 |    27 |    48 ||   120
Evoke: Wand              |       |       |       |     2 ||     2
  Use: Scroll            |     6 |     5 |     1 |     8 ||    20
       Potion            |       |     1 |    11 |     2 ||    14
Armor: Scale mail        |    12 |       |       |       ||    12
       Chain mail        |    18 |   154 |   162 |   247 ||   581
Dodge: Dodged            |    10 |    28 |    53 |   218 ||   309
Block: Kite shield       |    26 |   148 |   191 |   407 ||   772
